 Dungeon Crawl Stone Soup version 0.31.0-32-g396128a36d (webtiles) character file.

Game seed: 2432087866714986054

178664 belegose the Spry (level 17, -1/135 (151) HPs)
             Began as a Minotaur Monk on Apr 24, 2024.
             Was the Champion of Zin.
             Incinerated by a sun moth (6 damage)
             ... with a flurry of pyrophoric scales
             ... on level 2 of the Spider Nest on Apr 25, 2024.
             The game lasted 03:15:51 (42661 turns).

belegose the Spry (Minotaur Monk)                  Turns: 42661, Time: 03:15:51

HP:   -1/135 (151)  AC: 35    Str: 21    XL:     17   Next: 58%
MP:   24/27         EV: 27    Int:  9    God:    Zin [******]
Gold: 1094          SH: 19    Dex: 14    Spells: 16/16 levels left

rFire   + . .        b - +10 spear of Festooned Courage {spect, *Noise *Corrode rPois Will+++}
rCold   + . .        w - +0 tower shield
rNeg    . . .        I - +9 plate armour "Sacsafaa" {rPois rC+ Will+}
rPois   +            (helmet restricted)
rElec   .            H - +0 cloak
rCorr   .            L - +2 pair of gloves
SInv    .            s - +0 pair of boots
Will    +++++        y - amulet of the acrobat Stlth
                     p - ring of protection from fire
HPRegen 0.42/turn    g - +4 ring of protection
MPRegen 0.20/turn

%: corrode self (3%), acrobat
@: on fire, acrobatic, glowing, studying 2 skills, heavily drained
A: horns 2, retaliatory headbutt
a: Renounce Religion, Recite, Vitalisation, Imprison, Sanctuary, Donate Gold


You were on level 2 of the Spider Nest.
You worshipped Zin.
Zin was exalted by your worship.
You visited 6 branches of the dungeon, and saw 30 of its levels.
You also visited: Ice Cave.

You collected 3796 gold pieces.
You spent 2499 gold pieces at shops.
You donated 203 gold pieces to Zin.

Inventory:

Hand Weapons
 a - the +9 morningstar "Todue" {antimagic, rN+}
   (You bought it in a shop on level 1 of the Orcish Mines)

   rN+:       It protects you from negative energy.
 b - the +10 spear of Festooned Courage (weapon) {spect, *Noise *Corrode rPois Will+++}
   (You found it on level 9 of the Dungeon)

   rPois:     It protects you from poison Will+++: It greatly increases your
   willpower.
   *Noise:    It may make a loud noise when swung.
   *Corrode:  It may corrode you when you take damage.
Missiles
 h - 12 poisoned darts (quivered)
 j - 4 silver javelins
 m - 25 boomerangs
 E - 3 throwing nets
 O - 6 curare-tipped darts
 W - 8 javelins
Armour
 s - a +0 pair of boots (worn)
 w - a +0 tower shield (worn)
 H - a +0 cloak (worn)
 I - the +9 plate armour "Sacsafaa" (worn) {rPois rC+ Will+}
   (You found it on level 9 of the Dungeon)

   rC+:       It protects you from cold.
   rPois:     It protects you from poison Will+: It increases your willpower.
 L - a +2 pair of gloves (worn)
Jewellery
 d - the ring "Jywyrun" {rF+ Will+}
   (You found it on level 8 of the Dungeon)

   [ring of willpower]

   rF+:       It protects you from fire.
   Will+:     It increases your willpower.
 g - a +4 ring of protection (right hand)
 k - a ring of positive energy
 l - a ring of flight
 p - a ring of protection from fire (left hand)
 t - a ring of resist corrosion
 y - an amulet of the acrobat (around neck)
 z - a ring of see invisible
 J - the ring "Niamuacw" {rElec MP+9 Str+6 Dex-4}
   (You found it on level 2 of the Swamp)

   [ring of strength]

   Str+6:     It affects your strength (+6).
   Dex-4:     It affects your dexterity (-4).
   rElec:     It insulates you from electricity.
   MP+9:      It affects your magic capacity (+9).
Wands
 f - a wand of flame (14)
 x - a wand of paralysis (30)
 B - a wand of roots (8)
 F - a wand of digging (8)
 M - a wand of mindburst (4)
 T - a wand of quicksilver (5)
Scrolls
 e - a scroll of poison
 i - 3 scrolls of revelation
 n - 11 scrolls of teleportation
 A - 3 scrolls of identify
 C - 2 scrolls of fear
 G - 3 scrolls of silence
 N - 2 scrolls of summoning
 P - 4 scrolls of fog
 Z - a scroll of acquirement
Potions
 c - 6 potions of ambrosia
 q - 4 potions of cancellation
 r - 6 potions of haste
 u - 3 potions of might
 v - 5 potions of curing
 U - 2 potions of berserk rage
 V - a potion of invisibility
 X - 6 potions of enlightenment
Miscellaneous
 D - a condenser vane (inert)
 K - a lightning rod (4/4)


   Skills:
 - Level 13.8 Fighting
 - Level 2.0(4.5) Short Blades
 - Level 7.0(7.1) Long Blades
 + Level 6.1 Maces & Flails
 - Level 8.0 Polearms
 - Level 10.0 Throwing
 - Level 12.0 Armour
 - Level 17.3 Dodging
 - Level 15.5 Shields
 - Level 14.7 Invocations
 - Level 10.0 Evocations


You had 16 spell levels left.
You didn't know any spells.
Your spell library contained the following spells:

 Spells                   Type           Power      Damage    Failure   Level
 Apportation              Tloc           0%         N/A       100%        1
 Magic Dart               Conj           0%         1d3       100%        1
 Sandblast                Erth           0%         2d4       100%        1
 Blink                    Tloc           0%         N/A       100%        2
 Call Imp                 Summ           0%         N/A       100%        2
 Cigotuvi's Dreadful Rot  Necr/Alch/Air  0%         N/A       100%        2
 Ensorcelled Hibernation  Hex/Ice        0%         N/A       100%        2
 Dazzling Flash           Conj/Hex       0%         N/A       100%        3
 Inner Flame              Hex/Fire       0%         N/A       100%        3
 Ozocubu's Armour         Ice            0%         N/A       100%        3
 Passwall                 Erth           0%         N/A       100%        3
 Stone Arrow              Conj/Erth      0%         3d7       100%        3
 Swiftness                Air            0%         N/A       100%        3
 Volatile Blastmotes      Fire/Tloc      0%         2d10      100%        3
 Anguish                  Hex/Necr       0%         N/A       100%        4
 Brom's Barrelling Bould  Conj/Erth      0%         2d3       100%        4
 Cause Fear               Hex            0%         N/A       100%        4
 Flame Wave               Conj/Fire      0%         2d4       100%        4
 Ignite Poison            Fire/Alch      0%         N/A       100%        4
 Manifold Assault         Tloc           0%         N/A       100%        4
 Sticky Flame             Fire/Alch      0%         2d4       100%        4
 Freezing Cloud           Conj/Ice/Air   0%         6-21      100%        5
 Metabolic Englaciation   Hex/Ice        0%         N/A       100%        5
 Dispersal                Tloc           0%         N/A       100%        6
 Sculpt Simulacrum        Ice/Alch       0%         N/A       100%        6
 Starburst                Conj/Fire      0%         6d3       100%        6
 Enfeeble                 Hex            0%         N/A       100%        7
 Disjunction              Tloc           0%         N/A       100%        8
 Maxwell's Capacitive Co  Air            0%         ∞         100%        8


Dungeon Overview and Level Annotations

Branches:
Dungeon (15/15)            Temple (1/1) D:5            Lair (5/5) D:11
  Swamp (4/4) Lair:2       Spider (3/4) Lair:2        Slime (0/5) Lair:5
    Orc (2/2) D:12            Elf (0/3) Orc:2        Vaults (0/5) D:14
 Depths (0/4) D:15          IceCv (visited)

Altars:
Ashenzari
Cheibriados
Dithmenos
Elyvilon
Fedhas
Gozag
Hepliaklqana
Kikubaaqudgha
Makhleb
Nemelex Xobeh
Okawaru
Qazlal
Ru
Sif Muna
Trog
Uskayaw
Vehumet
Wu Jian
Xom
Yredelemnul
Zin
The Shining One

Shops:
Orc:1 (?=[(:   Orc:2 [(:

Annotations:
D:6 3 runed translucent doors, exclusion: 3 doors, Consumeair16's ghost, novice FeSh; Minebeasties's ghost, novice TrGl; SirLogeyBear's ghost, novice HOBe; Tripb85's ghost, amateur MfSh; tymior's ghost, novice MiFi
D:13 1 runed translucent door, exclusion: door
Lair:1 1 runed translucent door, exclusion: door
Lair:4 2 runed translucent doors, exclusion: 2 doors, Deost's ghost, journeyman DEFE
Lair:5 exclusions: 2 lava snakes and orange crystal statue
Swamp:4 Lernaean hydra; Roxanne


Innate Abilities, Weirdness & Mutations

You have a pair of horns on your head.
You reflexively headbutt those who attack you in melee.


Message History

Aiming: Paralyse
Press: ? - help, Shift-Dir - straight line, f - sun moth
Aim: a sun moth (severely wounded, chance to affect: 37%)
Okay, then.
Aiming: Quicksilver Bolt
Press: ? - help, Shift-Dir - straight line, f - sun moth
Aim: a sun moth (severely wounded, 70% to hit)
The bolt of dispelling energy hits the sun moth!
The sun moth is almost dead.
Your +10 spear of Festooned Courage {spect, *Noise *Corrode rPois Will+++} disappears.
The liquid fire burns you!
* * * LOW HITPOINT WARNING * * *
The sun moth bites you! Zin protects you from harm!
Aiming: Quicksilver Bolt
Press: ? - help, Shift-Dir - straight line, f/p - sun moth
Aim: a sun moth (almost dead, 70% to hit)
The bolt of dispelling energy misses the sun moth.
The liquid fire burns you!
* * * LOW HITPOINT WARNING * * *
The sun moth's wings beat fiercely.
The flurry of pyrophoric scales hits you.
You are even more covered in intense liquid fire!
You feel better. The liquid fire burns you!
* * * LOW HITPOINT WARNING * * *
You block the sun moth's attack.
Aiming: Fastroot
Press: ? - help, Shift-Dir - straight line, p - sun moth The roots erupt in riotous growth!
Roots grab the sun moth.
The liquid fire burns you!
* * * LOW HITPOINT WARNING * * *
The grasping roots constrict the sun moth!
You kill the sun moth!
Your Maces & Flails skill increases to level 6!
You feel better. The liquid fire burns you!
* * * LOW HITPOINT WARNING * * *
The liquid fire burns you!
You die...

.# ###...### #...... .#
##....^..## #^.... .##
#......^.^## #....
..#########..........#
#...
##......##...........##
...
######...............#
##.......[>.....##
#...............#
#........@......#
##..............##
#............^..#
#...............#
##..........#####
##.....##### ##.....#
##..### ####


There were no monsters in sight!

Vanquished Creatures
  Nikola (Spider:1)
  A tentacled monstrosity (Swamp:2)
  Mlioglotl (Spider:2)
  The ghost of Hiur the Eclecticist, an adept OnFE of Gozag (Swamp:1)
  Agnes (Spider:1)
  A thorn hunter (Swamp:1)
  A frost giant (IceCv)
  An orc warlord (Orc:2)
  A broodmother (Spider:2)
  A stone giant (D:15)
  2 eleionomae (Swamp:3)
  3 bunyips
  The ghost of SubTonic the Severer, a journeyman HOBe of Trog (Spider:1)
  2 entropy weavers
  20 hydras
  4 ghost crabs
  A jorogumo (Spider:1)
  3 radroaches
  6 centaur warriors
  Erica (D:10)
  8 alligators
  3 two-headed ogres
  4 tengu warriors
  A death scarab (Spider:2)
  4 demonic crawlers
  3 boulder beetles
  8 death yaks
  A hell hog (Lair:5)
  7 orc high priests
  2 skysharks
  Sonja (D:11)
  3 pharaoh ants
  Lodul (D:14)
  14 orb spiders
  2 goliath frogs
  3 spriggan druids
  10 swamp dragons
  4 orc knights (Orc:1)
  A sun moth (Spider:2)
  14 bog bodies
  Pikel (D:4)
  5 steelbarb worms (Spider:1)
  15 wolf spiders
  3 orc sorcerers
  Maurice (D:10)
  4 ugly things
  A moth of wrath (Spider:1)
  7 will-o-the-wisps
  6 cyclopes
  A guardian serpent (Lair:5)
  9 elephants
  6 black mambas
  A gargoyle (D:14)
  2 torpor snails
  19 cane toads
  An ice statue (IceCv)
  A freezing wraith (D:13)
  11 rime drakes
  3 kobold demonologists (D:14)
  8 komodo dragons
  A tengu conjurer (D:15)
  Psyche (D:10)
  3 tyrant leeches
  9 trolls
  5 hornets
  20 polar bears
  13 tarantellas
  13 blink frogs
  3 raiju (Lair:5)
  A centaur simulacrum (D:13)
  23 slime creatures
  27 jumping spiders
  5 spriggans
  A wraith (D:8)
  11 wyverns
  A human (D:11)
  A yak (shapeshifter) (D:15)
  15 culicivoras
  A shadow (D:11)
  4 hogs (D:11)
  37 yaks
  2 basilisks
  28 redbacks
  Grum (D:10)
  2 steam dragons (D:9)
  10 wargs
  13 swamp worms
  6 vampire mosquitoes
  25 water moccasins
  14 hell hounds (Lair:5)
  2 nagas (shapeshifter) (D:14)
  Duvessa (D:6)
  26 orc warriors
  7 swamp drakes (Swamp:4)
  14 black bears
  4 laughing skulls
  2 ice beasts
  18 ogres
  29 wolves
  10 centaurs
  3 lemures (D:4)
  3 kobold brigands
  8 phantoms
  A gnoll sergeant (D:7)
  7 bullfrogs
  7 scorpions
  5 wights (D:8)
  Dowan (D:6)
  14 killer bees
  5 electric eels
  7 howler monkeys
  2 jellies
  A bombardier beetle (D:6)
  3 centaur zombies (D:8)
  26 orc priests
  6 hounds
  6 sleepcaps
  A gnoll bouda (D:7)
  3 iguanas
  5 scorpion zombies (D:8)
  18 orc wizards
  10 hell rats
  3 killer bee zombies (D:8)
  10 gnolls
  6 river rats (Lair:1)
  6 adders
  7 shadow imps
  5 white imps (D:13)
  3 ufetubi
  3 ribbon worms
  72 orcs
  7 ball pythons
  3 bats
  9 endoplasms
  7 giant cockroaches
  11 hobgoblins
  9 jackals
  A quokka (D:2)
  4 frilled lizards
  2 goblins
  23 kobolds
  11 rats
1005 creatures vanquished.

Vanquished Creatures (others)
  A demonic crawler (Spider:1)
  A bloated husk (Swamp:3)
  A tarantella (Spider:2)
  38 foxfires
  16 spectral weapons
57 creatures vanquished.

Grand Total: 1062 creatures vanquished

Notes
Turn   | Place    | Note
-------+----------+-------------------------------------------
     0 | D:1      | belegose the Minotaur Monk began the quest for the Orb.
     0 | D:1      | Reached XP level 1. HP: 19/19 MP: 0/0
   239 | D:1      | Reached XP level 2. HP: 27/27 MP: 1/1
   473 | D:1      | Found a faded altar of an unknown god.
   502 | D:1      | Reached XP level 3. HP: 33/33 MP: 2/2
  1142 | D:2      | Reached skill level 4 in Dodging
  1483 | D:3      | Reached XP level 4. HP: 36/41 MP: 3/3
  1530 | D:3      | Noticed a phantom
  1551 | D:3      | Killed a phantom
  1552 | D:3      | Reached skill level 1 in Throwing
  1552 | D:3      | Reached XP level 5. HP: 34/47 MP: 4/4
  1745 | D:3      | Reached skill level 5 in Fighting
  2385 | D:4      | Noticed a lemure
  2385 | D:4      | Noticed a lemure
  2387 | D:4      | Noticed Pikel
  2404 | D:4      | Killed a lemure
  2412 | D:4      | Killed a lemure
  2502 | D:4      | Noticed a lemure
  2502 | D:4      | Noticed a lemure
  2519 | D:4      | Killed a lemure
  2669 | D:4      | Reached skill level 5 in Long Blades
  2672 | D:4      | Found a broken altar of Ashenzari.
  2807 | D:4      | Identified the +1 robe "Ikea" {rC+ Dex+4 SInv}
  2818 | D:4      | Killed Pikel
  2819 | D:4      | Reached skill level 5 in Dodging
  2819 | D:4      | Reached XP level 6. HP: 52/57 MP: 5/5
  2819 | D:4      | Reached XP level 7. HP: 58/63 MP: 6/6
  2883 | D:4      | Found a snail-covered altar of Cheibriados.
  3274 | D:5      | Entered Level 5 of the Dungeon
  3406 | D:5      | Found a staircase to the Ecumenical Temple.
  3416 | Temple   | Entered the Ecumenical Temple
  3426 | Temple   | Became a worshipper of Zin the Law-Giver
  3426 | Temple   | Reached * piety under Zin
  3426 | Temple   | Reached ** piety under Zin
  3625 | D:5      | Reached skill level 6 in Dodging
  4082 | D:6      | Reached *** piety under Zin
  4245 | D:6      | Reached skill level 1 in Invocations
  4245 | D:6      | Reached XP level 8. HP: 31/71 MP: 7/7
  4412 | D:6      | Found a runed translucent gate.
  4413 | D:6      | Found a runed translucent gate.
  4413 | D:6      | Found a runed translucent gate.
  4414 | D:6      | Noticed SirLogeyBear's ghost (novice HOBe)
  4414 | D:6      | Noticed Consumeair16's ghost (novice FeSh)
  4414 | D:6      | Noticed Tripb85's ghost (amateur MfSh)
  4414 | D:6      | Noticed tymior's ghost (novice MiFi)
  4414 | D:6      | Noticed Minebeasties's ghost (novice TrGl)
  4562 | D:6      | Noticed Dowan
  4566 | D:6      | Noticed Duvessa
  4579 | D:6      | Killed Duvessa
  4721 | D:6      | Killed Dowan
  4722 | D:6      | Reached skill level 1 in Shields
  5760 | D:6      | Reached skill level 7 in Dodging
  5910 | D:7      | Reached skill level 5 in Throwing
  6046 | D:7      | Reached XP level 9. HP: 63/79 MP: 10/10
  6615 | D:7      | Reached skill level 5 in Shields
  6843 | D:7      | Found a bloodstained altar of Trog.
  7223 | D:7      | Reached skill level 5 in Invocations
  7901 | D:8      | Reached **** piety under Zin
  8072 | D:8      | Reached XP level 10. HP: 51/86 MP: 13/13
  9311 | D:8      | Identified the ring "Jywyrun" {rF+ Will+}
  9643 | D:9      | Noticed a cyclops
  9680 | D:9      | Killed a cyclops
  9860 | D:9      | Reached skill level 1 in Evocations
 10309 | D:9      | Identified the +9 plate armour "Sacsafaa" {rPois rC+ Will+}
 10704 | D:9      | Reached ***** piety under Zin
 10714 | D:9      | Identified the +10 spear of Festooned Courage {spect,
                  | *Noise *Corrode rPois Will+++}
 10980 | D:10     | Entered Level 10 of the Dungeon
 11014 | D:10     | Noticed Maurice
 11028 | D:10     | Killed Maurice
 11029 | D:10     | Reached skill level 1 in Armour
 11149 | D:10     | Reached XP level 11. HP: 87/92 MP: 15/15
 11171 | D:10     | Noticed Psyche
 11177 | D:10     | Killed Psyche
 11459 | D:10     | Noticed Erica
 11467 | D:10     | Killed Erica
 11468 | D:10     | Reached skill level 1 in Polearms
 11475 | D:10     | Noticed Grum
 11489 | D:10     | Killed Grum
 12124 | D:11     | Found a staircase to the Lair.
 12143 | D:11     | Identified the maw talisman of the Hidden Vale {rF+}
 13069 | D:11     | Found a glowing silver altar of Zin.
 13283 | Lair:1   | Entered Level 1 of the Lair of Beasts
 13283 | Lair:1   | Noticed Sonja
 13382 | D:11     | Killed Sonja
 13512 | Lair:1   | Reached skill level 10 in Shields
 13665 | Lair:1   | Noticed an eight-headed hydra
 13673 | Lair:1   | Killed an eight-headed hydra
 13674 | Lair:1   | Reached skill level 5 in Armour
 14044 | Lair:1   | Found a runed translucent door.
 14044 | Lair:1   | Noticed a wolf spider
 14321 | Lair:1   | Reached XP level 12. HP: 97/100 MP: 17/17
 14506 | Lair:1   | Reached skill level 5 in Polearms
 15035 | Lair:2   | Reached ****** piety under Zin
 15338 | Lair:2   | Found a staircase to the Swamp.
 15354 | Lair:2   | Reached skill level 5 in Evocations
 15458 | Lair:2   | Reached skill level 10 in Throwing
 15791 | Lair:2   | Found a hole to the Spider Nest.
 16673 | Lair:3   | Reached skill level 10 in Invocations
 17730 | Lair:4   | Found a large runed translucent door.
 17730 | Lair:4   | Found a large runed translucent door.
 17732 | Lair:4   | Noticed Deost's ghost (journeyman DEFE)
 17934 | Lair:4   | Reached XP level 13. HP: 105/105 MP: 19/19
 18241 | Lair:5   | Entered Level 5 of the Lair of Beasts
 18505 | Lair:4   | Reached skill level 10 in Armour
 19573 | Lair:5   | Found a staircase to the Slime Pits.
 20142 | Lair:5   | Reached skill level 10 in Fighting
 20160 | Lair:5   | Reached skill level 10 in Evocations
 20395 | Lair:5   | Identified the +1 robe of Light {Fly rC+ Int+3 Stlth-}
 20699 | Lair:5   | Reached XP level 14. HP: 121/121 MP: 20/20
 21722 | D:12     | Found a staircase to the Orcish Mines.
 21848 | D:12     | Reached skill level 8 in Dodging
 22452 | D:13     | Found a runed translucent door.
 22453 | D:13     | Found a burning altar of Makhleb.
 22691 | D:13     | Found a frozen archway.
 22745 | IceCv    | Entered an ice cave
 22856 | IceCv    | Reached skill level 9 in Dodging
 23572 | IceCv    | Noticed a frost giant
 23592 | IceCv    | Killed a frost giant
 23593 | IceCv    | Reached skill level 10 in Dodging
 24937 | Orc:1    | Entered Level 1 of the Orcish Mines
 24937 | Orc:1    | Found Doejueg's Antique Weapon Shoppe.
 25155 | Orc:1    | Found Etebadgh's Book Shoppe.
 25229 | Orc:1    | Found Rauhuk's Firing Range.
 25271 | Orc:1    | Bought a throwing net for 39 gold pieces
 25294 | Orc:1    | Found Kemidwo's Jewellery Shop.
 25296 | Orc:1    | Found Suxzuott's Armour Emporium.
 25419 | Orc:1    | Found Locw's Magic Scroll Emporium.
 25431 | Orc:1    | Bought a scroll of identify for 30 gold pieces
 25642 | Orc:1    | Bought a scroll of poison for 60 gold pieces
 25642 | Orc:1    | Bought a scroll of brand weapon for 142 gold pieces
 25642 | Orc:1    | Bought a scroll of enchant weapon for 112 gold pieces
 25642 | Orc:1    | Bought a scroll of summoning for 142 gold pieces
 25731 | Orc:2    | Entered Level 2 of the Orcish Mines
 25756 | Orc:2    | Reached skill level 11 in Dodging
 26330 | Orc:1    | Reached XP level 15. HP: 126/126 MP: 23/23
 27032 | Orc:2    | Reached skill level 12 in Dodging
 27518 | Orc:2    | Found Okhiubaq's Weapon Shoppe.
 27537 | Orc:2    | Found Feukhaf's Book Emporium.
 27693 | Orc:2    | Found a staircase to the Elven Halls.
 28069 | Orc:2    | Found Atiquc's Antique Armour Emporium.
 28234 | Orc:1    | Bought a manual of Dodging for 960 gold pieces
 28636 | D:14     | Found a shimmering blue altar of Sif Muna.
 28829 | D:14     | Noticed Lodul
 28869 | D:14     | Killed Lodul
 29340 | D:14     | Found a gate to the Vaults.
 29569 | D:15     | Entered Level 15 of the Dungeon
 29635 | D:14     | Reached skill level 13 in Dodging
 30033 | Orc:1    | Bought a ring of positive energy for 240 gold pieces
 30263 | D:15     | Found a staircase to the Depths.
 31051 | Swamp:1  | Entered Level 1 of the Swamp
 31253 | Orc:1    | Bought a ring of flight for 210 gold pieces
 31580 | Swamp:1  | Noticed a thorn hunter
 31597 | Swamp:1  | Killed a thorn hunter
 31598 | Swamp:1  | Reached skill level 14 in Dodging
 32044 | Swamp:1  | Identified the +5 dagger "Pojun" {elec, rC+ rCorr Int-3}
 32048 | Swamp:1  | Found a runed translucent door.
 32058 | Swamp:1  | Noticed Hiur's ghost (adept OnFE)
 32359 | Swamp:1  | Killed Hiur's ghost
 32364 | Swamp:1  | Got the Spellbook of Non-Euclidean Impurities
 32602 | Swamp:1  | Reached XP level 16. HP: 125/139 MP: 24/24
 32870 | Swamp:3  | Reached skill level 15 in Dodging
 33792 | Swamp:2  | Noticed a tentacled monstrosity
 33808 | Swamp:2  | Killed a tentacled monstrosity
 33844 | Swamp:2  | Identified the ring "Niamuacw" {rElec MP+9 Str+6 Dex-4}
 34569 | Swamp:4  | Entered Level 4 of the Swamp
 36084 | Swamp:4  | Noticed the 27-headed Lernaean hydra
 36589 | Swamp:4  | Identified a scroll of acquirement
 36618 | Swamp:4  | Noticed Roxanne
 36851 | Swamp:4  | Reached skill level 16 in Dodging
 37360 | Orc:1    | Bought a ring of resist corrosion for 240 gold pieces
 37467 | Spider:1 | Entered Level 1 of the Spider Nest
 37847 | Spider:1 | Reached skill level 1 in Short Blades
 38519 | Orc:1    | Bought an ivory morningstar for 324 gold pieces
 38519 | Orc:1    | Identified the +9 morningstar "Todue" {antimagic, rN+} (You
                  | bought it in a shop on level 1 of the Orcish Mines)
 38737 | Spider:1 | Reached skill level 1 in Maces & Flails
 38748 | Spider:1 | Reached XP level 17. HP: 37/149 MP: 8/26
 39662 | Spider:1 | Reached skill level 15 in Shields
 39762 | Spider:1 | Noticed Nikola
 39785 | Spider:1 | Killed Nikola
 40120 | Spider:1 | Noticed SubTonic's ghost (journeyman HOBe)
 40123 | Spider:1 | Found a runed translucent door.
 40343 | Spider:1 | Killed SubTonic's ghost
 40431 | Spider:2 | Noticed Agnes
 40894 | Spider:2 | Reached skill level 17 in Dodging
 40915 | Spider:1 | Killed Agnes
 41911 | Spider:2 | Noticed Mlioglotl
 41925 | Spider:2 | Killed Mlioglotl
 42572 | Spider:3 | Reached skill level 5 in Maces & Flails
 42635 | Spider:3 | Zin protects you from harm!
 42656 | Spider:2 | HP: 6/134 [burnt (5)]
 42656 | Spider:2 | Zin protects you from harm!
 42657 | Spider:2 | HP: 2/134 [burnt (4)]
 42661 | Spider:2 | Incinerated by a sun moth

Illustrated notes

Levels and vault maps discovered:
D:1:      dpeg_arrival_stone_temple_mockup, layout_basic,
          shapermc_ecumenical_altar_starsandcircs,
          amcnicky_mini_corridor_feature
D:2:      layout_rooms, hangedman_abyss_or_decor_lesser_grid, minivault_19
D:3:      layout_basic, skrybe_limestone_x
D:4:      layout_basic, amcnicky_altar_gilded, slow_altar_1, minivault_25,
          minmay_ruptured, uniq_pikel
D:5:      layout_loops_ring, minmay_temple_entry_nine_rooms
D:6:      layout_layer_cave, gammafunk_ghost_cemetery, uniq_duvessa
D:7:      layout_loops_corners, trog_hazing_becter
D:8:      bobbens_index_wilting_gardens, layout_basic,
          chequers_serial_rivers_large_a
D:9:      layout_long_grid
D:10:     layout_rooms, uniq_erica, uniq_grum, uniq_maurice, uniq_psyche
D:11:     layout_layer_cave, erik_lair_orcish_takeover, grunt_livestock,
          zin_treasury
D:12:     layout_roguey, david_orc_3
D:13:     layout_roguey, serial_ice, serial_ice_k, serial_ice_f, serial_ice_d,
          serial_ice_o, serial_ice_e, portal_ice_cave_entry_animals_and_master,
          grunt_decor_fettered, minmay_misc_feat_nine_boxes,
          nicolae_danse_macabre
D:14:     layout_irregular_city, hellmonk_vaults_attempted_burglary,
          led_sif_pool, uniq_lodul
D:15:     grunt_enter_depths_snipers, layout_long_grid,
          nicolae_twisty_statue_hallways
Temple:   compressed_dpeg_triangle_lava_temple
Lair:1:   gammafunk_indiana_jones, layout_regular_city,
          kennysheep_abandoned_house, serial_bayou_shore_a, grunt_megastairs_5,
          infiniplex_staircase_pool, uniq_sonja
Lair:2:   layout_roguey, swamp_mist, nicolae_spider_entry_lesser_pyramids
Lair:3:   layout_chaotic_city
Lair:4:   layout_misc_corridors, ebering_ghost_disaster_area, st_stairs_10
Lair:5:   hangedman_lair_tendril_chambers, layout_cave_pods,
          hangedman_lair_caniforms_friends, slime_entry_1, serial_forest,
          infiniplex_forest_straight_5, infiniplex_forest_straight_4,
          infiniplex_forest_lined_2, infiniplex_forest_corner_1,
          infiniplex_forest_end_double, nicolae_lair_grove_arrangements,
          disabler_island
Swamp:1:  layout_basic_swamp, ebering_ghost_reflecting_pool,
          evilmike_swamp_ruin_house_1, swamp_pool_3
Swamp:2:  layout_falls_marsh, evilmike_swamp_ruin_house_2,
          nicolae_swamp_tree_isthmus, nicolae_swamp_decorative_isthmus
Swamp:3:  layout_basic_swamp, hangedman_swamp_pad, swamp_pool_1_2
Swamp:4:  grunt_swamp_rune_castle, layout_basic_swamp, swamp_pool_3,
          hangedman_swamp_lotus, nicolae_swamp_feature_on_the_river_bank,
          uniq_roxanne
Spider:1: layout_cave_pods, hellmonk_ghost_happy_afterlife,
          hellmonk_narrow_tunnel, uniq_nikola
Spider:2: layout_cave_pods, uniq_mlioglotl, uniq_azrael, uniq_agnes
Spider:3: layout_spider_delve, nicolae_spider_twisty_arc_passages
Orc:1:    layout_diamond_mine, serial_shops, nicolae_book_shop_shelving, shop,
          shop, nicolae_shop_statue_plus, shop, nicolae_shop_firing_range
Orc:2:    st_orc_town, layout_caves

Skill      XL: |  1  2  3  4  5  6  7  8  9 10 11 12 13 14 15 16 17 |
---------------+----------------------------------------------------+-----
Long Blades    | 4 6 7 |  7.0
Fighting       | 4 6 7 10 12 13 | 13.8
Dodging        | 4 5 6 7 11 14 16 17 | 17.3
Throwing       | 1 3 4 5 7 8 9 10 | 10.0
Invocations    | 1 3 5 7 8 10 12 14 | 14.7
Shields        | 3 6 9 10 12 14 15 | 15.5
Evocations     | 2 4 7 10 | 10.0
Armour         | 2 5 9 10 12 | 12.0
Polearms       | 4 6 8 |  8.0
Short Blades   | 2 |  2.0
Maces & Flails | 1 6 |  6.1

Action                     |  1- 3 |  4- 6 |  7- 9 | 10-12 | 13-15 | 16-18 || total
---------------------------+-------+-------+-------+-------+-------+-------++-------
  Melee: Falchion          |    85 |    92 |   179 |       |       |       ||   356
         Headbutt          |    18 |    18 |   108 |   162 |   411 |   272 ||   989
         Short sword       |       |       |   230 |   166 |       |    20 ||   416
         Whip              |       |       |    51 |   131 |       |       ||   182
         Spear             |       |       |       |   455 |  1536 |   849 ||  2840
         Morningstar       |       |       |       |       |       |    30 ||    30
  Throw: Boomerang         |       |     6 |     7 |     3 |    42 |    38 ||    96
         Dart              |       |       |     8 |     8 |    13 |    18 ||    47
         Stone             |       |       |       |     6 |       |       ||     6
         Javelin           |       |       |       |       |       |     5 ||     5
 Invoke: Recite            |       |       |     3 |     7 |    13 |    11 ||    34
         Sanctuary         |       |       |       |       |       |     1 ||     1
  Evoke: Lightning rod     |       |       |       |     3 |     5 |     1 ||     9
         Wand              |       |       |       |     4 |     1 |    15 ||    20
         Condenser vane    |       |       |       |       |       |     1 ||     1
    Use: Scroll            |       |       |     4 |    10 |     9 |    10 ||    33
         Potion            |       |       |     1 |     2 |     2 |     4 ||     9
   Stab: Confused          |       |       |       |     1 |     4 |     5 ||    10
         Distracted        |       |       |       |     5 |    17 |     9 ||    31
         Paralysed         |       |       |       |       |     6 |     8 ||    14
 Armour: Robe              |    12 |       |       |       |       |       ||    12
         Ring mail         |    31 |    41 |   215 |   102 |       |       ||   389
         Leather armour    |     1 |       |       |       |       |       ||     1
         Plate armour      |       |       |       |   341 |   769 |   680 ||  1790
  Dodge: Dodged            |    54 |    52 |   177 |   142 |   327 |   340 ||  1092
  Block: Tower shield      |       |       |   240 |   640 |  1156 |   991 ||  3027
